 Dungeon Crawl Stone Soup version 0.31-a0-219-g8d62b2e7bb (webtiles) character file.

Game seed: 8112743467066130871

488 qw the Shooter (level 6, -4/52 HPs)
             Began as a Minotaur Hexslinger on July 3, 2023.
             Killed from afar by an orc wizard (7 damage)
             ... with a puff of flame
             ... on level 6 of the Dungeon.
             The game lasted 00:01:12 (3162 turns).

qw the Shooter (Minotaur Hexslinger)                Turns: 3162, Time: 00:01:13

Health: -4/52      AC:  6    Str: 13    XL:     6   Next: 90%
Magic:  6/6        EV: 11    Int: 10    God:
Gold:   107        SH:  0    Dex: 14    Spells: 6/7 levels left

rFire   . . .        Y - +1 sling
rCold   . . .        (no shield)
rNeg    . . .        f - +0 ring mail
rPois   .            (helmet restricted)
rElec   .            (no cloak)
rCorr   .            (no gloves)
SInv    .            i - +0 pair of boots
Will    .....        (no amulet)
Stlth   +            (no ring)
HPRegen 0.28/turn    (no ring)
MPRegen 0.10/turn

%: no passive effects
@: no status effects
A: horns 2, retaliatory headbutt
a: no special abilities


You were on level 6 of the Dungeon.
You visited 1 branch of the dungeon, and saw 6 of its levels.

You collected 177 gold pieces.
You spent 70 gold pieces at shops.


Innate Abilities, Weirdness & Mutations

You have a pair of horns on your head.
You reflexively headbutt those who attack you in melee.


   Skills:
 - Level 4.0 Fighting
 + Level 7.2 Ranged Weapons
 - Level 1.1 Armour
 - Level 2.1 Dodging
 - Level 1.0 Spellcasting
 - Level 2.0 Hexes


You had 6 spell levels left.
You knew the following spells:

 Your Spells              Type           Power      Damage    Failure   Level
a - Slow                  Hex            16%        N/A       32%         1

Your spell library contained the following spells:

 Spells                   Type           Power      Damage    Failure   Level
 Inner Flame              Hex/Fire       2%         N/A       82%         3
 Portal Projectile        Hex/Tloc       4%         N/A       82%         3
 Cause Fear               Hex            2%         N/A       97%         4

Inventory:

Hand Weapons
 Y - a +1 sling (weapon)
Armour
 f - a +0 ring mail (worn)
 i - a +0 pair of boots (worn)
Scrolls
 g - a scroll of identify
Potions
 a - a potion of cancellation
 b - a potion of haste {unknown}
 c - a potion of mutation {unknown}
 k - a potion of berserk rage {unknown}

Dungeon Overview and Level Annotations

Branches:
Dungeon (7/15)
 Temple: D:4-7

Altars:
Hepliaklqana
Yredelemnul

Shops:
D:3 =:!:   D:4 [


Message History

The orc wizard hits you with a +0 dagger.
The orc hits you with a +0 club.
The orc priest calls down the wrath of Beogh upon you.
You barely resist. The orc hits you but does no damage.
The orc wizard barely misses you.
You feel less confused. The orc barely misses you.
The orc priest hits you with a +0 dagger.
The orc wizard barely misses you.
You shoot a sling bullet.
The sling bullet closely misses the orc wizard.
The orc priest completely misses you. You furiously retaliate!
You headbutt the orc priest.
The orc wizard hits you with a +0 dagger.
The orc barely misses you.
You shoot a sling bullet.
The sling bullet completely misses the orc priest.
The orc priest completely misses you.
The orc wizard hits you with a +0 dagger.
The orc hits you with a +0 club.
You shoot a sling bullet.
The sling bullet closely misses the orc priest.
The orc priest hits you but does no damage.
The orc completely misses you. You furiously retaliate!
You headbutt the orc!
You kill the orc!
The orc wizard hits you but does no damage.
You shoot a sling bullet.
The sling bullet barely misses the orc priest.
The orc closely misses you.
The orc priest hits you but does no damage.
The orc wizard hits you with a +0 dagger.
The orc wizard closely misses you. You furiously retaliate!
You headbutt the orc wizard.
The orc priest hits you with a +0 dagger.
The orc hits you with a +0 flail.
You shoot a sling bullet. The sling bullet hits the orc priest.
The orc priest is heavily wounded.
The orc wizard points at you and mumbles some strange words.
The puff of flame hits you!
You die...

####
#################o..###.
.?..............@o......
.################o..####
## ....... # .....## #
##..... ....# ...# ...#


You could see an orc priest, an orc wizard and an orc.

Vanquished Creatures
  A black bear (D:4)
  A hound (D:4)
  An orc priest (D:7)
  A jelly (D:4)
  3 iguanas
  Terence (D:1)
  Natasha (twice) (D:4)
  An orc wizard (D:4)
  6 adders
  An ufetubus (D:7)
  A worm (D:3)
  A dart slug (D:2)
  6 orcs
  9 ball pythons
  2 bats
  8 endoplasms
  2 giant cockroaches (D:1)
  8 goblins
  6 hobgoblins
  2 quokkas (D:3)
  3 kobolds
  7 rats
73 creatures vanquished.

Notes
Turn   | Place    | Note
-------+----------+-------------------------------------------
     0 | D:1      | qw the Minotaur Hexslinger began the quest for the Orb.
     0 | D:1      | Reached XP level 1. HP: 16/16 MP: 1/1
     0 | D:1      | 0 ||| qw: Version: 0.3-a-40-ge99b1a8
     0 | D:1      | 0 ||| qw: Game counter: 395
     0 | D:1      | 0 ||| qw: Melee chars always use a shield: true
     0 | D:1      | 0 ||| qw: God list: Okawaru
     0 | D:1      | 0 ||| qw: Allow faded altars: false
     0 | D:1      | 0 ||| qw: Do Orc after clearing Dungeon:15 true
     0 | D:1      | 0 ||| qw: Do second Lair branch before Depths: true
     0 | D:1      | 0 ||| qw: Lair rune preference: random
     0 | D:1      | 0 ||| qw: Goals: Normal
     0 | D:1      | 0 ||| PLANNING D:1-11
   377 | D:1      | Reached skill level 3 in Ranged Weapons
   383 | D:1      | Found a faded altar of an unknown god.
   406 | D:1      | Reached XP level 2. HP: 23/23 MP: 2/2
   837 | D:1      | 837 ||| UPGRADING to +0 ring mail.
   847 | D:1      | 847 ||| DROPPING +0 robe.
   848 | D:1      | 848 ||| UPGRADING to +0 pair of boots.
   853 | D:1      | 853 ||| READING scroll labelled GOIM TIENIJ.
   854 | D:1      | 854 ||| READING scroll labelled CEFONA SINA.
   855 | D:1      | 855 ||| READING scroll labelled EHATI UJILL.
   856 | D:1      | 856 ||| DRINKING 2 red potions.
   857 | D:1      | 857 ||| DROPPING scroll of poison.
   917 | D:2      | Noticed Terence
   925 | D:2      | 925 ||| STAIRDANCE
   936 | D:1      | Killed Terence
   937 | D:1      | Reached skill level 4 in Ranged Weapons
   937 | D:1      | Reached XP level 3. HP: 14/29 MP: 3/3
  1082 | D:2      | Reached skill level 1 in Armour
  1488 | D:2      | 1488 ||| DROPPING ring of flight.
  1492 | D:3      | Found Batiarops's Distillery.
  1499 | D:3      | 1499 ||| STAIRDANCE
  1510 | D:2      | Reached XP level 4. HP: 13/36 MP: 4/4
  1602 | D:3      | 1602 ||| SHOPLISTING potion of haste (140 gold, have 90).
  1602 | D:3      | 1602 ||| BUYING potion of heal wounds (70 gold).
  1602 | D:3      | Bought a potion of heal wounds for 70 gold pieces
  1602 | D:3      | 1602 ||| SHOPLISTING potion of mutation (112 gold, have
                  | 20).
  1702 | D:3      | Reached skill level 5 in Ranged Weapons
  1774 | D:3      | Found Vumuluj's Book Shop.
  1785 | D:3      | Identified the +11 spear "Besek" {heavy, rElec rCorr Dex+2}
  1855 | D:3      | Found Unis's Jewellery Shoppe.
  1864 | D:3      | 1864 ||| SHOPLISTING +4 ring of protection (360 gold, have
                  | 71).
  1864 | D:3      | 1864 ||| SHOPLISTING amulet "Jeonuosm" {Reflect Fly SH+5
                  | SInv} (433 gold, have 71).
  1864 | D:3      | 1864 ||| SHOPLISTING amulet of faith (400 gold, have 71).
  1864 | D:3      | 1864 ||| SHOPLISTING amulet of reflection (300 gold, have
                  | 71).
  1864 | D:3      | 1864 ||| SHOPLISTING amulet of regeneration (300 gold, have
                  | 71).
  2043 | D:3      | Found Qefice's Book Emporium.
  2068 | D:3      | 2068 ||| READING scroll labelled UFEICY SYWU.
  2069 | D:3      | 2069 ||| READING scroll labelled FEYGRA CUCE.
  2070 | D:3      | 2070 ||| READING scroll labelled DUCZYA TUNLI.
  2071 | D:3      | 2071 ||| DRINKING 2 silvery potions.
  2072 | D:3      | 2072 ||| READING 2 scrolls of identify.
  2072 | D:3      | 2072 ||| IDENTIFYING green potion
  2073 | D:3      | 2073 ||| DROPPING potion of invisibility.
  2092 | D:4      | 2092 ||| STAIRDANCE
  2099 | D:3      | Reached skill level 3 in Fighting
  2099 | D:3      | Reached XP level 5. HP: 30/45 MP: 5/5
  2233 | D:4      | Noticed a black bear
  2247 | D:4      | HP: 10/45 [black bear (7)]
  2248 | D:4      | 2248 ||| DRINKING potion of heal wounds.
  2251 | D:4      | Killed a black bear
  2252 | D:4      | Reached skill level 6 in Ranged Weapons
  2252 | D:4      | Reached XP level 6. HP: 21/51 MP: 6/6
  2258 | D:4      | 2258 ||| DRINKING potion of curing.
  2258 | D:4      | 2258 ||| (to cure confusion)
  2266 | D:4      | HP: 11/51 [something (3)]
  2436 | D:4      | Noticed Natasha
  2443 | D:4      | Killed Natasha
  2561 | D:4      | Found Woiffei's Armour Boutique.
  2676 | D:4      | Found a hazy altar of Hepliaklqana.
  2676 | D:4      | Found a basalt altar of Yredelemnul.
  2762 | D:4      | Noticed Natasha
  2773 | D:4      | Killed Natasha
  2849 | D:4      | HP: 10/52 [iguana (7)]
  2851 | D:4      | Reached skill level 7 in Ranged Weapons
  3008 | D:4      | You fall into a shaft and drop 3 floors!
  3159 | D:6      | HP: 11/52 [orc/+0 club (4)]
  3161 | D:6      | HP: 2/52 [orc/+0 flail (6)]
  3162 | D:6      | Killed from afar by an orc wizard

Levels and vault maps discovered:
D:1:      lemuel_arrival_funnel, layout_loops_corners,
          chequers_ecumenical_altar_grove, item_on_display_a
D:2:      layout_rooms, uniq_terence
D:3:      layout_rooms, serial_shops, shop, shop, shop,
          nicolae_shop_hallway_stairs, minmay_fractal_squares_5
D:4:      layout_basic, gammafunk_temple_overflow_pools, serial_shops,
          shop_statue, uniq_natasha
D:6:      layout_basic, minmay_temple_entry_mist
D:7:      layout_loops_ring

Skill      XL: |  1  2  3  4  5  6 |
---------------+-------------------+-----
Ranged Weapons | 3 4 5 6 7 |  7.2
Fighting       | 2 3 4 |  4.0
Armour         | 1 |  1.1
Dodging        | |  2.1
Spellcasting   | |  1.0
Hexes          | |  2.0

Action                     |  1- 3 |  4- 6 || total
---------------------------+-------+-------++-------
   Fire: Sling             |    81 |   209 ||   290
    Use: Scroll            |     3 |     4 ||     7
         Potion            |     1 |     3 ||     4
 Armour: Ring mail         |    25 |    70 ||    95
  Dodge: Dodged            |    47 |   113 ||   160

Table legend:
 A = Non-vault XP
 B = Vault XP
 C = Vault XP percentage of total XP
 D = Non-vault monster count
 E = Vault monster count
 F = Vault count percentage of total count
                 A         B        C        D         E       F
            +---------+---------+-------+---------+---------+-------
      Total |     593 |     105 |  15.0 |      64 |       9 |  12.3
            +---------+---------+-------+---------+---------+-------
        D:1 |      21 |      36 |  63.2 |      13 |       1 |   7.1
        D:2 |      47 |       0 |   0.0 |      19 |       0 |   0.0
        D:3 |      81 |      34 |  29.6 |      11 |       7 |  38.9
        D:4 |     383 |      35 |   8.4 |      15 |       1 |   6.2
        D:6 |       6 |       0 |   0.0 |       2 |       0 |   0.0
        D:7 |      55 |       0 |   0.0 |       4 |       0 |   0.0
            +---------+---------+-------+---------+---------+-------
